 Dungeon Crawl Stone Soup version 0.25-a0-80-g9b55229ae5 (webtiles) character file.

Game seed: 13996825071449607289, levelgen mode: deterministic

3388 Conn the Thaumaturge (level 9, -1/51 HPs)
             Began as a Deep Elf Conjurer on Nov 7, 2019.
             Was a Believer of Sif Muna.
             Slain by a crocodile (4 damage)
             ... while petrified by a basilisk
             ... on level 8 of the Dungeon.
             The game lasted 00:19:59 (7209 turns).

Conn the Thaumaturge (Deep Elf Conjurer)            Turns: 7209, Time: 00:19:59

Health: -1/51      AC: 11    Str: 12    XL:     9   Next: 74%
Magic:  16/23      EV:  2    Int: 23    God:    Sif Muna [**....]
Gold:   430        SH:  0    Dex: 19    Spells: 14/24 levels left

rFire    x . .     SeeInvis .   n - +8 spear "Togeediz" {venom, +Fly}
rCold    . . .     Gourm    .   (no shield)
rNeg     + + +     Faith    .   G - +5 ring mail of Uskayaw's Vengeance {rPois rF- Regen+ Str+6}
rPois    ∞         Spirit   .   (helmet restricted)
rElec    .         Reflect  .   (no cloak)
rCorr    .         Harm     .   (no gloves)
MR       .....                  q - +0 pair of boots
Stlth    +++.......             (no amulet)
HPRegen  0.57/turn              l - +4 ring of dexterity
MPRegen  0.18/turn              (no ring)

@: petrified
A: horns 2, blink
a: Blink, Channel Magic, Renounce Religion, Evoke Flight


You were on level 8 of the Dungeon.
You worshipped Sif Muna.
Sif Muna was pleased with you.
You were not hungry.

You visited 2 branches of the dungeon, and saw 9 of its levels.

You collected 430 gold pieces.

Inventory:

Hand Weapons
 e - a +0 dagger
 n - the +8 spear "Togeediz" (weapon) {venom, +Fly}
   (You found it on level 6 of the Dungeon)

   It poisons the flesh of those it strikes.
   It lets you fly.
Missiles
 b - a throwing net (quivered)
 t - 12 boomerangs
 C - 28 poisoned darts
Armour
 a - a +0 robe
 i - a +2 robe of cold resistance
 q - a +0 pair of boots (worn)
 y - a +1 robe of fire resistance
 A - the +0 scale mail of Love and Death {+Blink}
   (You found it on level 6 of the Dungeon)

   It lets you blink.
 B - the +0 scale mail "Tiug" {rPois}
   (You found it on level 6 of the Dungeon)

   It protects you from poison.
 G - the +5 ring mail of Uskayaw's Vengeance (worn) {rPois rF- Regen+ Str+6}
   (You found it on level 7 of the Dungeon)

   It affects your strength (+6).
   It makes you vulnerable to fire.
   It protects you from poison.
   It increases your rate of regeneration.
Magical Staves
 D - an uncursed staff of fire {unknown}
Jewellery
 l - a +4 ring of dexterity (left hand)
Wands
 j - a wand of flame (34)
 F - a wand of iceblast (4)
Scrolls
 d - 10 scrolls of identify
 f - 3 scrolls of teleportation {unknown}
 g - a scroll of enchant weapon {unknown}
 h - 2 scrolls of random uselessness {unknown}
 k - a scroll of magic mapping {unknown}
 r - 2 scrolls of remove curse {unknown}
 s - a scroll of fog {unknown}
 v - a scroll of immolation {unknown}
 w - 2 scrolls of amnesia {unknown}
Potions
 m - a potion of degeneration {unknown}
 o - a potion of lignification {unknown}
 u - a potion of haste {unknown}
 x - a potion of agility {unknown}
 z - a potion of flight {unknown}
 H - 2 potions of brilliance {unknown}
Comestibles
 c - 15 rations
 E - 8 chunks of flesh


   Skills:
 * Level 3.4 Fighting
 + Level 2.0 Short Blades
 * Level 4.0 Polearms
 * Level 2.3 Armour
 + Level 4.5 Dodging
 + Level 6.8 Stealth
 * Level 8.4 Spellcasting
 + Level 8.1 Conjurations
 * Level 4.4 Invocations


You had 14 spell levels left.
You knew the following spells:

 Your Spells              Type           Power        Failure   Level  Hunger
a - Magic Dart            Conj           ####         1%          1    None
b - Searing Ray           Conj           #####.       1%          2    None
c - Dazzling Spray        Conj/Hex       ####..       9%          3    None
d - Iskenderun's Mystic   Conj           #####...     5%          4    ##.....

Your spell library contained the following spells:

 Spells                   Type           Power        Failure   Level  Hunger
 Force Lance              Conj/Tloc      ####....     26%         4    ##.....
 Fulminant Prism          Conj/Hex       ####......   26%         4    ##.....


Dungeon Overview and Level Annotations

Branches:
Dungeon (8/15)             Temple (1/1) D:5            Lair (0/6) D:8

Altars:
Ashenzari
Cheibriados
Dithmenos
Fedhas
Gozag
Hepliaklqana
Kikubaaqudgha
Makhleb
Nemelex Xobeh
Okawaru
Qazlal
Ru
Sif Muna
Trog
Uskayaw
Vehumet
Wu Jian
Xom
Yredelemnul
Zin
The Shining One


Innate Abilities, Weirdness & Mutations

You have a pair of horns on your head.
You can translocate small distances at will.


Message History

Press: ? - help, Shift-Dir - straight line, f/p - basilisk
Aim: a basilisk (heavily wounded, poisoned)
The orb of energy hits the basilisk.
The basilisk is severely wounded.
The crocodile bites you!
* * * LOW HITPOINT WARNING * * *
The basilisk closely misses you.
The crocodile bites you but does no damage.
The basilisk bites you!
* * * LOW HITPOINT WARNING * * *
You have turned to stone.
The crocodile bites you.
* * * LOW HITPOINT WARNING * * *
The basilisk gazes at you. You resist with some effort.
The crocodile bites you but does no damage.
The basilisk bites you!
* * * LOW HITPOINT WARNING * * *
The crocodile bites you!
You die...

......$.....PPP.#
##.....P.......## .
.?.......t.......
#.####..#..#.######
<.........#)# #######
#####..#..##.#(#
......#
...........#.#)#
......#
##.##.>†#.#†##......#
###.......(.†.t@......#
#....#...##...l.....###
#.#.##...##.........#
#.#.##...####'#########
##.#.##...# #..)...).(#
[..#.##...# #########[#
...#.#....# #.#
...#.#.#..# #.#
.......# #.#


You could see a basilisk and a crocodile.

Vanquished Creatures
  Pikel (D:8)
  A hippogriff (D:7)
  3 yaks (D:8)
  A porcupine (D:8)
  An ice beast (D:5)
  An orc warrior (D:6)
  3 sky beasts
  A black bear (D:7)
  2 ogres
  A phantom (D:5)
  2 crocodiles (D:8)
  A big kobold (D:8)
  5 bullfrogs
  A scorpion (D:8)
  2 howler monkeys (D:6)
  2 bullfrog zombies (D:5)
  A crimson imp (D:7)
  2 orc priests (D:6)
  A centaur zombie (D:7)
  2 hounds
  A bullfrog skeleton (D:6)
  A centaur skeleton (D:6)
  An iguana (D:8)
  5 orc wizards
  7 worker ants
  A hound skeleton (D:5)
  3 gnolls (D:7)
  2 howler monkey skeletons
  7 adders
  3 shadow imps
  3 oozes
  2 worms
  2 dart slugs
  5 leopard geckos
  20 orcs
  10 bats
  6 giant cockroaches
  8 goblins
  13 hobgoblins
  5 quokkas
  7 frilled lizards
  8 kobolds
  A leopard gecko zombie (D:6)
  A quokka zombie (D:7)
  4 rats
160 creatures vanquished.

Vanquished Creatures (others)
  A porcupine (D:8)
  4 slaves (D:8)
  3 kobolds (D:8)
  2 plants (D:8)
10 creatures vanquished.

Grand Total: 170 creatures vanquished

Notes
Turn   | Place    | Note
-------+----------+-------------------------------------------
     0 | D:1      | Conn the Deep Elf Conjurer began the quest for the Orb.
     0 | D:1      | Reached XP level 1. HP: 10/10 MP: 6/6
   374 | D:1      | Reached XP level 2. HP: 15/15 MP: 4/8
   591 | D:1      | Learned a level 2 spell: Searing Ray
   674 | D:1      | Reached skill level 5 in Conjurations
  1182 | D:2      | Reached XP level 3. HP: 16/19 MP: 6/9
  1507 | D:2      | You fall into a shaft and drop 1 floor!
  1592 | D:2      | Reached XP level 4. HP: 24/24 MP: 11/11
  1598 | D:2      | Learned a level 3 spell: Dazzling Spray
  1603 | D:2      | Learned a level 4 spell: Iskenderun's Mystic Blast
  2175 | D:3      | Found a shattered altar of Ashenzari.
  2628 | D:3      | Found an ornate altar of the Wu Jian Council.
  3003 | D:4      | Reached XP level 5. HP: 28/28 MP: 4/13
  3398 | D:4      | Found a radiant altar of Vehumet.
  3400 | D:4      | Found a shadowy altar of Dithmenos.
  3400 | D:4      | Found a hazy altar of Hepliaklqana.
  3681 | D:5      | Entered Level 5 of the Dungeon
  3692 | D:5      | Noticed an ice beast
  3702 | D:5      | Killed an ice beast
  3702 | D:5      | Reached XP level 6. HP: 23/33 MP: 10/15
  3741 | D:5      | Noticed a sky beast
  3749 | D:5      | Killed a sky beast
  3749 | D:5      | Reached skill level 5 in Spellcasting
  3933 | D:5      | Reached skill level 1 in Short Blades
  3933 | D:5      | Reached skill level 5 in Stealth
  3933 | D:5      | Reached XP level 7. HP: 26/37 MP: 0/17
  4073 | D:5      | Reached skill level 1 in Fighting
  4088 | D:5      | Gained mutation: You have a pair of small horns on your
                  | head. [potion of mutation]
  4088 | D:5      | Gained mutation: You can translocate small distances at
                  | will. [potion of mutation]
  4088 | D:5      | Gained mutation: You have a pair of horns on your head.
                  | [potion of mutation]
  4524 | D:5      | Found a hide-covered altar of Uskayaw.
  4622 | D:5      | Found a bloodstained altar of Trog.
  4699 | D:5      | Found a staircase to the Ecumenical Temple.
  4705 | Temple   | Entered the Ecumenical Temple
  4774 | Temple   | Became a worshipper of Sif Muna the Loreminder
  4967 | D:6      | Reached skill level 1 in Invocations
  5094 | D:6      | Got a twisted spear
  5095 | D:6      | Identified the +8 spear "Togeediz" {venom, +Fly} (You found
                  | it on level 6 of the Dungeon)
  5101 | D:6      | Got a warped scale mail
  5137 | D:6      | Reached XP level 8. HP: 42/43 MP: 17/20
  5513 | D:6      | Reached skill level 1 in Polearms
  5518 | D:6      | Reached * piety under Sif Muna
  5834 | D:6      | Got a dazzling scale mail
  6047 | D:6      | Identified the +0 scale mail of Love and Death {+Blink}
                  | (You found it on level 6 of the Dungeon)
  6048 | D:6      | Identified the +0 scale mail "Tiug" {rPois} (You found it
                  | on level 6 of the Dungeon)
  6139 | D:7      | Found a glowing silver altar of Zin.
  6284 | D:7      | Got a faintly humming ring mail
  6295 | D:7      | Identified the +5 ring mail of Uskayaw's Vengeance {rPois
                  | rF- Regen+ Str+6} (You found it on level 7 of the Dungeon)
  6461 | D:7      | Found a glowing silver altar of Zin.
  6482 | D:7      | Reached XP level 9. HP: 48/48 MP: 22/22
  6944 | D:8      | Reached skill level 1 in Armour
  6982 | D:8      | Noticed Pikel
  7009 | D:8      | Killed Pikel
  7027 | D:8      | HP: 1/50 [crocodile (16)]
  7142 | D:8      | Reached ** piety under Sif Muna
  7187 | D:8      | Found a staircase to the Lair.
  7208 | D:8      | HP: 2/51 [basilisk (3)]
  7209 | D:8      | Slain by a crocodile

Levels and vault maps discovered:
D:1:      minmay_arrival_four_loops, layout_basic
D:2:      layout_loops_ring
D:3:      layout_loops_corners, nicolae_overflow_crystal_walls, st_stairs_7,
          evilmike_ruin_ashenzari
D:4:      layout_cave_pools, chequers_temple_overflow_statue_of_worship,
          first_ration
D:5:      layout_rooms, kennysheep_mini, bloody_trog, minmay_temple_entry_hall
D:6:      layout_cave_pools
D:7:      layout_basic, lemuel_doored_altar, basic_altar
D:8:      layout_basic, kennysheep_little_box, minmay_lair_entry_grove,
          uniq_pikel, uniq_psyche
Temple:   nicolae_temple_great_sept

Skill      XL: |  1  2  3  4  5  6  7  8  9 |
---------------+----------------------------+-----
Conjurations   | 5 6 7 8 |  8.1
Stealth        | 3 4 5 6 |  6.8
Spellcasting   | 4 5 6 7 8 |  8.4
Dodging        | 3 4 |  4.5
Short Blades   | 1 2 |  2.0
Fighting       | 1 2 3 |  3.4
Invocations    | 1 3 4 |  4.4
Polearms       | 2 4 |  4.0
Armour         | 2 |  2.3

Action                   |  1- 3 |  4- 6 |  7- 9 || total
-------------------------+-------+-------+-------++-------
Melee: Dagger            |     5 |    35 |     5 ||    45
       Spear             |       |       |   148 ||   148
       Headbutt          |       |       |    26 ||    26
 Cast: Magic Dart        |    66 |   105 |   127 ||   298
       Searing Ray       |       |     6 |     2 ||     8
       Iskenderun's Myst |       |       |     8 ||     8
       Dazzling Spray    |       |       |     3 ||     3
 Abil: Blink             |       |       |     1 ||     1
Evoke: Wand              |       |       |     2 ||     2
  Use: Potion            |       |       |     8 ||     8
       Scroll            |       |       |     2 ||     2
 Stab: Sleeping          |     5 |     7 |    11 ||    23
  Eat: Chunk             |     2 |     6 |    12 ||    20
Armor: Robe              |     4 |    13 |    12 ||    29
       Ring mail         |       |       |    34 ||    34
Dodge: Dodged            |    10 |    39 |   105 ||   154

Table legend:
 A = Non-vault XP
 B = Vault XP
 C = Vault XP percentage of total XP
 D = Non-vault monster count
 E = Vault monster count
 F = Vault count percentage of total count
                 A         B        C        D         E       F
            +---------+---------+-------+---------+---------+-------
      Total |    3430 |    1411 |  29.1 |     149 |      11 |   6.9
            +---------+---------+-------+---------+---------+-------
        D:1 |      40 |       0 |   0.0 |      22 |       0 |   0.0
        D:2 |      62 |       0 |   0.0 |      20 |       0 |   0.0
        D:3 |      30 |       6 |  16.7 |      17 |       3 |  15.0
        D:4 |     164 |       0 |   0.0 |      14 |       0 |   0.0
        D:5 |     820 |       0 |   0.0 |      22 |       0 |   0.0
        D:6 |    1139 |       0 |   0.0 |      28 |       0 |   0.0
        D:7 |     968 |       0 |   0.0 |      21 |       0 |   0.0
        D:8 |     207 |    1405 |  87.2 |       5 |       8 |  61.5
            +---------+---------+-------+---------+---------+-------
